 Dungeon Crawl Stone Soup version 0.30-a0-691-g754fce4c43 (webtiles) character file.

Game seed: 3997729311138393897

199 Ijustatesigmund the Chiller (level 5, -4/28 HPs)
             Began as a Deep Elf Ice Elementalist on Jan 19, 2023.
             Slain by an ogre
             ... wielding a +0 giant club
              (11 damage)
             ... on level 5 of the Dungeon.
             The game lasted 00:12:56 (3656 turns).

Ijustatesigmund the Chiller (DEIE)                  Turns: 3656, Time: 00:12:56

Health: -4/28      AC: 17    Str:  5    XL:     5   Next: 48%
Magic:  9/14       EV: 13    Int: 22    God:
Gold:   314        SH:  0    Dex: 15    Spells: 3/14 levels left

rFire   . . .      SeeInvis .    s - +2 short sword (protect)
rCold   . . .      Faith    .    (no shield)
rNeg    . . .      Spirit   .    a - +0 robe
rPois   .          Reflect  .    (no helmet)
rElec   .          Harm     .    m - +0 cloak
rCorr   .          Rampage  .    (no gloves)
Will    .....                    (no boots)
Stlth   ++                       (no amulet)
HPRegen 0.24/turn                (no ring)
MPRegen 0.14/turn                (no ring)

@: ice-armoured, under a protective aura
A: no striking features
a: no special abilities


You were on level 5 of the Dungeon.
You visited 1 branch of the dungeon, and saw 5 of its levels.

You collected 314 gold pieces.

Inventory:

Hand Weapons
 f - a +0 short sword of holy wrath
 p - a +2 quarterstaff of chaos
 s - a +2 short sword of protection (weapon)
Armour
 a - a +0 robe (worn)
 m - a +0 cloak (worn)
Jewellery
 q - a ring of ice
 u - a ring of magical power
Wands
 n - a wand of charming (11)
 o - a wand of polymorph (1)
Scrolls
 g - 2 scrolls of magic mapping
 h - 2 scrolls of teleportation
 l - a scroll of fear
Potions
 b - 3 potions of magic
 c - 3 potions of curing
 d - a potion of might
 e - 3 potions of flight {unknown}
 i - a potion of ambrosia {unknown}
 j - a potion of berserk rage {unknown}
 k - 2 potions of degeneration {unknown}
 r - a potion of lignification {unknown}
 t - a potion of resistance {unknown}


   Skills:
 - Level 0.6 Fighting
 - Level 2.8 Dodging
 - Level 2.4 Stealth
 - Level 5.3 Spellcasting
 + Level 1.9 Translocations
 - Level 5.7 Ice Magic


You had 3 spell levels left.
You knew the following spells:

 Your Spells              Type           Power      Damage    Failure   Level
a - Freeze                Ice            100%       1d10      1%          1
b - Frozen Ramparts       Ice            62%        1d10      2%          3
c - Ozocubu's Armour      Ice            31%        N/A       2%          3
d - Blink                 Tloc           28%        N/A       7%          2
e - Lesser Beckoning      Tloc           28%        N/A       7%          2

Your spell library contained the following spells:

 Spells                   Type           Power      Damage    Failure   Level
 Ensorcelled Hibernation  Hex/Ice        36%        N/A       4%          2
 Summon Small Mammal      Summ           20%        N/A       10%         1
 Momentum Strike          Conj/Tloc      20%        3d8       10%         2
 Sublimation of Blood     Necr           5%         N/A       14%         2
 Wereblood                Tmut           5%         N/A       14%         2
 Portal Projectile        Hex/Tloc       20%        N/A       21%         3
 Call Canine Familiar     Summ           5%         N/A       28%         3
 Spider Form              Tmut/Pois      5%         N/A       28%         3
 Summon Guardian Golem    Hex/Summ       5%         N/A       28%         3
 Tukima's Dance           Hex            5%         N/A       28%         3
 Summon Ice Beast         Ice/Summ       18%        N/A       30%         4
 Anguish                  Hex/Necr       2%         N/A       67%         4
 Blade Hands              Tmut           2%         N/A       95%         5
 Summon Hydra             Summ           2%         N/A       100%        7


Dungeon Overview and Level Annotations

Branches:
Dungeon (5/15)
 Temple: D:4-7

Altars:
Hepliaklqana

Shops:
D:4 !


Message History

Memorise Lesser Beckoning, consuming 2 spell levels and leaving 3?
You start memorising the spell.
You continue memorising. x2
You finish memorising.
Spell assigned to 'e'.
You now have 314 gold pieces (gained 18).
u - a ring of magical power An ogre comes into view.
It is wielding a +0 giant club.
Casting: Frozen Ramparts (dangerous; 2% risk of failure)
Confirm with . or Enter, or press ? or * to list all spells.
Casting: Frozen Ramparts (dangerous; 2% risk of failure)
Press: ? - help, Dir - look around, f - activate The walls around you are covered in ice.
The ogre shouts!
You hear a shout!
Casting: Frozen Ramparts (dangerous; 2% risk of failure)
Confirm with . or Enter, or press ? or * to list all spells.
A film of ice covers your body!
Okay, then.
A gnoll comes into view. It is wielding a +0 club.
The wall freezes the ogre.
A centaur comes into view.
The wall freezes the ogre.
The centaur shouts!
You hit the ogre but do no damage.
Your weapon exudes an aura of protection.
The ogre is moderately wounded.
The wall freezes the ogre.
The ogre hits you with a +0 giant club!!
Ouch! That really hurt!
* * * LOW HITPOINT WARNING * * *
A gnoll bouda comes into view. It is wielding a +0 club.
Aiming: Charm
Press: ? - help, Shift-Dir - straight line, f - ogre
Aim: an ogre, wielding a +0 giant club (moderately wounded, chance to affect: 49%)
The ogre resists with some effort.
The gnoll bouda shouts!
The frozen ramparts melt away.
Aiming: Charm
Press: ? - help, Shift-Dir - straight line, f/p - ogre
Aim: an ogre, wielding a +0 giant club (moderately wounded, chance to affect: 49%)
The ogre resists with some effort.
The ogre hits you with a +0 giant club!
You die...

###. .... .... ...
#.. ###########
.###..##..##.#...##
.g................#
..cg..O@........^.#
..######.>...##..##
##.....#####
#.......# #.......#
#.......# #.......#
#.......# ##..##.##


You could see an ogre, a centaur, a gnoll bouda and a gnoll.

Vanquished Creatures
  Crazy Yiuf (D:3)
  Ijyb (D:3)
  3 gnolls (D:3)
  5 adders
  3 worms (D:2)
  An orc (D:3)
  5 ball pythons
  8 endoplasms
  A giant cockroach (D:2)
  3 goblins
  6 hobgoblins
  3 jackals (D:3)
  4 quokkas
  4 bats
  2 frilled lizards (D:3)
  8 kobolds
  4 rats
62 creatures vanquished.

Notes
Turn   | Place    | Note
-------+----------+-------------------------------------------
     0 | D:1      | Ijustatesigmund the Deep Elf Ice Elementalist began the
                  | quest for the Orb.
     0 | D:1      | Reached XP level 1. HP: 10/10 MP: 6/6
   502 | D:1      | Reached XP level 2. HP: 7/15 MP: 6/8
   837 | D:2      | Reached skill level 5 in Ice Magic
   837 | D:2      | Reached XP level 3. HP: 9/19 MP: 6/10
  1005 | D:2      | Learned a level 3 spell: Frozen Ramparts
  1092 | D:2      | Found a hazy altar of Hepliaklqana.
  1745 | D:2      | Reached XP level 4. HP: 20/24 MP: 8/12
  1783 | D:2      | Learned a level 3 spell: Ozocubu's Armour
  2022 | D:3      | Learned a level 2 spell: Blink
  2683 | D:3      | Reached skill level 1 in Translocations
  2778 | D:3      | Noticed Ijyb
  2786 | D:3      | Killed Ijyb
  2787 | D:3      | Reached skill level 5 in Spellcasting
  2787 | D:3      | Reached XP level 5. HP: 25/28 MP: 6/14
  2926 | D:3      | Found a runed translucent door.
  2927 | D:3      | Noticed Crazy Yiuf
  2935 | D:3      | Killed Crazy Yiuf
  3601 | D:4      | Found Mazad's Distillery.
  3623 | D:5      | Entered Level 5 of the Dungeon
  3627 | D:5      | Learned a level 2 spell: Lesser Beckoning
  3647 | D:5      | Noticed an ogre
  3653 | D:5      | Noticed a centaur
  3656 | D:5      | Slain by an ogre

Illustrated notes

Levels and vault maps discovered:
D:1:      dpeg_arrival_short_road, layout_rooms
D:2:      layout_basic, basic_altar
D:3:      layout_loops_corners, uniq_crazy_yiuf_cottage, uniq_ijyb
D:4:      layout_cave_pools, kiku_gazebo_garden_becter, serial_shops,
          nicolae_shop_hallway_stairs, gammafunk_ghost_smash, sigmund_army
D:5:      layout_gridville, eat_drink_and_be_merry_uskayaw,
          minmay_temple_entry_drinking_statues, due_unseen_surprise, uniq_edmund

Skill      XL: |  1  2  3  4 |
---------------+-------------+-----
Spellcasting   | 4 5 |  5.3
Ice Magic      | 5 |  5.7
Translocations | 1 |  1.9
Fighting       | |  0.6
Dodging        | |  2.8
Stealth        | |  2.4

Action                   |  1- 3 |  4- 6 || total
-------------------------+-------+-------++-------
Melee: Dagger            |     4 |       ||     4
       Short sword       |     6 |    23 ||    29
 Cast: Freeze            |    38 |     8 ||    46
       Frozen Ramparts   |     5 |    17 ||    22
       Ozocubu's Armour  |       |     8 ||     8
Evoke: Wand              |       |     2 ||     2
  Use: Scroll            |     7 |     1 ||     8
 Stab: Sleeping          |     4 |     4 ||     8
Armor: Robe              |     7 |     4 ||    11
Dodge: Dodged            |    27 |    24 ||    51

Table legend: (Time is in decaauts)
 A = Elapsed time spent in this place.
 B = Non-inter-level travel time spent in this place.
 C = Inter-level travel time spent in this place.
 D = Time resting spent in this place.
 E = Time spent auto-exploring this place.
 F = Levels seen in this place.
 G = Mean time per level.
                   A        B        C        D        E       F      G
               +--------+--------+--------+--------+--------+-----+--------+
         Total |   3654 |   3588 |     66 |   1072 |   1973 |   5 |  730.8 |
       Dungeon |   3654 |   3588 |     66 |   1072 |   1973 |   5 |  730.8 |
               +--------+--------+--------+--------+--------+-----+--------+

Top non-repeatable levels by time:
     D:3: 1611 daAuts
     D:2: 946 daAuts
     D:1: 910 daAuts
     D:4: 153 daAuts
     D:5: 32 daAuts
